 Dungeon Crawl Stone Soup version 0.30.1-4-g462c640d31 (webtiles) character file.

Game seed: 14434511084575090916

81 Nick1 the Shield-Bearer (level 4, -3/37 HPs)
             Began as a Formicid Fighter on Sept 13, 2023.
             Slain by Grinder (5 damage)
             ... on level 3 of the Dungeon.
             The game lasted 00:04:14 (992 turns).

Nick1 the Shield-Bearer (Formicid Fighter)           Turns: 992, Time: 00:04:15

Health: -3/37      AC:  7    Str: 23    XL:     4   Next: 67%
Magic:  4/4        EV:  9    Int:  7    God:
Gold:   91         SH:  5    Dex: 13    Spells: 3/3 levels left

rFire   . . .        a - +0 war axe
rCold   . . .        c - +0 buckler
rNeg    . . .        b - +0 scale mail
rPois   .            (helmet unavailable)
rElec   .            (no cloak)
rCorr   .            (no gloves)
SInv    +            (no boots)
Will    .....        (no amulet) Stlth
                     (no ring)
HPRegen 0.26/turn    (no ring)
MPRegen 0.09/turn

%: no passive effects
@: mighty
A: permanent stasis, dig shafts and tunnels, antennae 3, four strong arms
a: Dig, Shaft Self


You were on level 3 of the Dungeon.
You visited 1 branch of the dungeon, and saw 3 of its levels.

You collected 91 gold pieces.

Inventory:

Hand Weapons
 a - a +0 war axe (weapon)
Armour
 b - a +0 scale mail (worn)
 c - a +0 buckler (worn)
Scrolls
 f - a scroll of torment
 h - a scroll of fear {unknown}
 j - a scroll of magic mapping {unknown}
 l - a scroll of vulnerability {unknown}
 o - a scroll of immolation {unknown}
 p - a scroll of amnesia {unknown}
Potions
 e - a potion of brilliance
 i - a potion of flight {unknown}
 k - a potion of degeneration {unknown}
 m - a potion of mutation {unknown}
 n - a potion of invisibility {unknown}
 q - a potion of ambrosia {unknown}
 r - a potion of lignification {unknown}


   Skills:
 * Level 3.8 Fighting
 * Level 3.1 Axes
 * Level 4.0 Armour
 * Level 4.6 Shields


You had 3 spell levels left.
You didn't know any spells.
Your spell library was empty.

Dungeon Overview and Level Annotations

Branches:
Dungeon (3/15)

Altars:

Annotations:
D:3 Grinder


Innate Abilities, Weirdness & Mutations

You cannot be hasted, slowed, berserked, paralysed or teleported.
You can dig through walls and to a lower floor.
You have a pair of large antennae on your head. (SInv)
Your four strong arms can wield two-handed weapons with a shield.


Message History

You barely resist. You closely miss Grinder.
Grinder is heavily wounded.
You closely miss the adder. The adder bites you but does no damage.
You block Grinder's attack. The adder bites you.
You barely miss Grinder.
Grinder is heavily wounded.
You barely miss the adder. The adder bites you.
You are poisoned.
The adder poisons you! Grinder hits you.
You writhe in agony.
You barely miss Grinder.
Grinder is heavily wounded.
You closely miss the adder.
You feel sick. The adder barely misses you. You block Grinder's attack.
The adder barely misses you. Grinder barely misses you.
You barely miss Grinder.
Grinder is heavily wounded.
You closely miss the adder.
You feel sick. The adder barely misses you. x2
Grinder closely misses you.
Unknown command.
You hit Grinder.
Grinder is heavily wounded.
You miss the adder.
You feel sick. The adder bites you but does no damage. Grinder hits you!
* * * LOW HITPOINT WARNING * * *
You writhe in agony.
* * * LOW HITPOINT WARNING * * *
Okay, then.
You barely miss Grinder.
Grinder is heavily wounded.
You hit the adder.
You feel sick.
You are no longer poisoned.
The adder bites you.
* * * LOW HITPOINT WARNING * * *
Grinder hits you.
* * * LOW HITPOINT WARNING * * *
You writhe in agony.
* * * LOW HITPOINT WARNING * * *
The adder bites you but does no damage. Grinder hits you.
You die...

### #.. ###.#
#..5###
###..@..###+#
#....S.......
#.#.........(
# #.#<.......
####.......
#......
#..... #....
##.#


You could see Grinder and an adder.

Vanquished Creatures
  Jessica (D:2)
  An adder (D:2)
  4 dart slugs (D:2)
  5 ball pythons
  4 endoplasms
  3 giant cockroaches (D:2)
  8 hobgoblins
  2 kobolds
  A frilled lizard (D:2)
  2 goblins
  3 rats
34 creatures vanquished.

Notes
Turn   | Place    | Note
-------+----------+-------------------------------------------
     0 | D:1      | Nick1 the Formicid Fighter began the quest for the Orb.
     0 | D:1      | Reached XP level 1. HP: 18/18 MP: 1/1
   222 | D:1      | Reached XP level 2. HP: 24/24 MP: 2/2
   487 | D:2      | Reached XP level 3. HP: 30/30 MP: 3/3
   656 | D:2      | Noticed Jessica
   665 | D:2      | Reached XP level 4. HP: 19/37 MP: 4/4
   669 | D:2      | Killed Jessica
   979 | D:3      | Noticed Grinder
   992 | D:3      | Slain by Grinder

Illustrated notes

Levels and vault maps discovered:
D:1:      scummos_arrival_hexagon, layout_basic
D:2:      layout_rooms, uniq_jessica
D:3:      layout_basic, mainiacjoe_overflow_alcove_2, nrook_loot_triangle,
          uniq_robin, uniq_grinder

Skill      XL: |  1  2  3  4 |
---------------+-------------+-----
Axes           | 3 |  3.1
Armour         | 4 |  4.0
Fighting       | |  3.8
Shields        | |  4.6

Action                     |  1- 3 |  4- 6 || total
---------------------------+-------+-------++-------
  Melee: War axe           |    77 |    19 ||    96
    Use: Scroll            |       |     2 ||     2
         Potion            |       |     1 ||     1
 Armour: Scale mail        |    31 |     7 ||    38
  Dodge: Dodged            |    31 |    11 ||    42
  Block: Buckler           |    18 |     6 ||    24
